 Dungeon Crawl Stone Soup version 0.21.1-1-g345015f (webtiles) character file.

44 TotesWizzard the Digger (level 3, -1/19 HPs)
             Began as a Gargoyle Earth Elementalist on July 28, 2018.
             Slain by a worm (5 damage)
             ... on level 2 of the Dungeon.
             The game lasted 00:01:59 (1433 turns).

TotesWizzard the Digger (GrEE)                      Turns: 1433, Time: 00:02:00

Health: -1/19      AC:  6    Str: 11    XL:     3   Next: 60%
Magic:  6/6        EV: 12    Int: 16    God:
Gold:   72         SH:  0    Dex: 10    Spells: 5/6 levels left

rFire    . . .     SeeInvis .   f - +0 mace
rCold    . . .     Gourm    .   (no shield)
rNeg     + . .     Faith    .   c - +0 robe
rPois    ∞         Spirit   .   (no helmet)
rElec    +         Reflect  .   (no cloak)
rCorr    .         Harm     .   j - +0 pair of gloves
MR       .....                  (no boots)
Stlth    ++........             (no amulet)
HPRegen  0.06/turn              (no ring)
MPRegen  0.10/turn              (no ring)

@: no status effects
A: negative energy resistance 1, electricity resistance, unbreathing,
petrification resistance, rot immunity, AC +3
a: no special abilities


You were on level 2 of the Dungeon.
You were hungry.

You visited 1 branch of the dungeon, and saw 2 of its levels.

You collected 72 gold pieces.

Inventory:

Hand Weapons
 f - a +0 mace (weapon)
Missiles
 b - 25 stones (quivered)
Armour
 c - a +0 robe (worn)
 j - a +0 pair of gloves (worn)
Jewellery
 l - an uncursed amulet of magic regeneration {unknown}
Scrolls
 a - a scroll of teleportation {unknown}
 i - a scroll of enchant armour {unknown}
 k - a scroll of enchant weapon {unknown}
 m - a scroll of magic mapping {unknown}
 n - a scroll of fear {unknown}
Potions
 g - 4 potions of curing {unknown}
 h - a potion of magic {unknown}
Books
 e - a book of Geomancy

   Spells                             Type                      Level
   a - Sandblast                      Earth                        1
   b - Passwall                       Transmutation/Earth          2
   c - Stone Arrow                    Conjuration/Earth            3
   d - Petrify                        Transmutation/Earth          4
   e - Lee's Rapid Deconstruction     Earth                        5
Comestibles
 d - 2 rations


   Skills:
 + Level 2.1 Maces & Flails
 - Level 1.5 Dodging
 - Level 2.1 Stealth
 - Level 2.0 Spellcasting
   Level 0.7 Transmutations
 + Level 4.6 Earth Magic


You had 5 spell levels left.
You knew the following spells:

 Your Spells              Type           Power        Failure   Level  Hunger
a - Sandblast             Erth           ###...       3%          1    #......


Dungeon Overview and Level Annotations

Branches:
Dungeon (2/15)

Altars:


Innate Abilities, Weirdness & Mutations

You are resistant to torment.
Your stone body is resilient. (AC +3)
You are immune to poison.
You resist negative energy. (rN+)
You are resistant to electric shocks. (rElec)
You can survive without breathing.
You are immune to petrification.
You are immune to rotting.


Message History

The worm bites you but does no damage.
You hit the worm.
The worm is heavily wounded.
The worm bites you.
You hit the worm.
The worm is heavily wounded.
You hit the worm.
The worm is heavily wounded.
The worm closely misses you.
You hit the worm.
The worm is severely wounded.
The worm bites you but does no damage.
You hit the worm.
The worm is severely wounded.
The worm bites you!
* * * LOW HITPOINT WARNING * * *
You hit the worm.
The worm is severely wounded.
The worm bites you.
You die...

#
##.##.#####
....).w@..#
......###.#
..... #.#
.... #.#
... #.# ##
#.# #.# #.#
#.#


You could see a worm.

Vanquished Creatures
  An adder (D:2)
  A worm (D:2)
  2 bats (D:1)
  6 goblins (D:1)
  5 hobgoblins
  4 jackals (D:1)
  3 frilled lizards (D:1)
  2 kobolds (D:1)
  7 rats
31 creatures vanquished.

Notes
Turn   | Place    | Note
-------+----------+-------------------------------------------
     0 | D:1      | TotesWizzard the Gargoyle Earth Elementalist began the quest for the Orb.
     0 | D:1      | Reached XP level 1. HP: 10/10 MP: 3/3
   164 | D:1      | Reached skill level 1 in Maces & Flails
   164 | D:1      | Reached XP level 2. HP: 13/15 MP: 5/5
   227 | D:1      | Reached skill level 4 in Earth Magic
   750 | D:1      | Reached XP level 3. HP: 18/19 MP: 6/6
  1433 | D:2      | Slain by a worm

Skill      XL: |  1  2  3 |
---------------+----------+-----
Maces & Flails | 1 2 |  2.1
Earth Magic    | 4 |  4.6
Dodging        | |  1.5
Stealth        | |  2.1
Spellcasting   | |  2.0
Transmutations | |  0.7

Action                   || total
-------------------------++-------
Melee: Mace              ||    90
 Cast: Sandblast         ||     9
 Stab: Sleeping          ||     4
  Eat: Chunk             ||     1
Armor: Robe              ||    23
Dodge: Dodged            ||    67
